 Dungeon Crawl Stone Soup version 0.31-a0-202-g547052bce9 (webtiles) character file.

Game seed: 14208746912110514769

802 qw the Skirmisher (level 7, 0/40 HPs)
             Began as a Deep Elf Hunter on June 26, 2023.
             Slain by Pikel
             ... wielding a +2 whip of freezing
              (1 damage)
             ... on level 4 of the Dungeon.
             The game lasted 00:01:15 (2838 turns).

qw the Skirmisher (Deep Elf Hunter)                 Turns: 2838, Time: 00:01:15

Health: 0/40       AC: 10    Str: 10    XL:     7   Next: 59%
Magic:  9/9        EV: 12    Int: 14    God:
Gold:   247        SH:  0    Dex: 18    Spells: 6/6 levels left

rFire   . . .        Y - +2 shortbow (chaos)
rCold   + . .        (shield currently unavailable)
rNeg    . . .        f - +0 ring mail
rPois   .            (no helmet)
rElec   .            (no cloak)
rCorr   .            i - +0 pair of gloves
SInv    .            (no boots)
Will    .....        (no amulet)
Stlth   +            d - +4 ring of protection
HPRegen 0.26/turn    j - ring of protection from cold
MPRegen 0.11/turn

%: no passive effects
@: no status effects
A: no striking features
a: no special abilities


You were on level 4 of the Dungeon.
You visited 1 branch of the dungeon, and saw 4 of its levels.

You collected 247 gold pieces.


   Skills:
 - Level 2.0 Fighting
 + Level 10.9 Ranged Weapons
 - Level 1.2 Armour
 - Level 4.9 Dodging
 - Level 1.2 Stealth


You had 6 spell levels left.
You didn't know any spells.
Your spell library was empty.

Inventory:

Hand Weapons
 Y - a +2 shortbow of chaos (weapon)
Armour
 f - a +0 ring mail (worn)
 i - a +0 pair of gloves (worn)
Jewellery
 b - a ring of resist corrosion
 d - a +4 ring of protection (left hand)
 j - a ring of protection from cold (right hand)
Scrolls
 c - 2 scrolls of identify
 h - a scroll of enchant armour {unknown}
Potions
 a - a potion of attraction {unknown}
 e - a potion of haste
 g - a potion of might {unknown}
 l - a potion of curing {unknown}
 m - a potion of ambrosia {unknown}

Dungeon Overview and Level Annotations

Branches:
Dungeon (4/15)
 Temple: D:4-7

Altars:

Annotations:
D:4 Pikel


Message History

Lightning courses through the lemure!!
The lemure is almost dead.
The lemure hits you.
You shoot an arrow. The arrow barely misses the lemure.
The lemure hits you.
You shoot an arrow. The arrow hits the lemure.
The lemure appears confused.
The lemure is almost dead.
The lemure hits you but does no damage.
You shoot an arrow.
The arrow hits the lemure but does no damage.
The lemure is almost dead.
Pikel closely misses you. The lemure hits you but does no damage.
The lemure closely misses you.
The lemure barely misses itself.
You shoot an arrow. The arrow hits the lemure.
The arrow freezes the lemure.
You kill the lemure!
That felt strangely unrewarding.
Pikel barely misses you. The lemure barely misses you.
You shoot an arrow. The arrow barely misses Pikel.
Pikel hits you but does no damage. The lemure hits you. x2
You shoot an arrow.
The arrow hits Pikel but does no damage.
Pikel hits you with a +2 whip of freezing.
The lemure hits you! The lemure misses you.
You shoot an arrow. The arrow hits Pikel.
The arrow burns Pikel.
Pikel is lightly wounded.
Pikel hits you with a +2 whip of freezing.
The lemure closely misses you. The lemure barely misses you.
You shoot an arrow. The arrow hits Pikel.
The arrow burns Pikel.
Pikel is lightly wounded.
Pikel hits you with a +2 whip of freezing.
Pikel freezes you. The lemure hits you. The lemure hits you but does no damage.
You shoot an arrow.
The arrow hits Pikel but does no damage.
Pikel goes berserk!
Pikel is lightly wounded.
Pikel hits you with a +2 whip of freezing.
Pikel freezes you. The lemure hits you but does no damage. The lemure hits you.
Pikel hits you with a +2 whip of freezing.
Pikel freezes you.
You die...

#.......# ...###### #.......#
........# #.......# ........#
####.......# ........?
..#.......# ........#
#.#.......#
........######.#.......#
##....K5...............#
......5@...............#
###############...............#
#..............................
##.#...^..........(....#######.
#.#.#...#####.....<#'## #.
#.#.#.#.##########.#.# #.
#.#...|............#.# #.
#.##################.# #.
#.##............)....# #.


You could see Pikel (berserk) and 2 lemures.

Vanquished Creatures
  Grinder (D:4)
  Edmund (D:4)
  Menkaure (D:4)
  An ogre (D:4)
  2 lemures (D:4)
  A scorpion (D:4)
  A jelly (D:4)
  An iguana (D:4)
  An orc wizard (D:3)
  6 adders
  3 worms
  3 orcs
  5 endoplasms
  8 giant cockroaches
  6 goblins
  8 hobgoblins
  3 jackals (D:3)
  3 quokkas
  7 ball pythons
  A bat (D:3)
  3 frilled lizards
  5 kobolds
  10 rats
81 creatures vanquished.

Notes
Turn   | Place    | Note
-------+----------+-------------------------------------------
     0 | D:1      | qw the Deep Elf Hunter began the quest for the Orb.
     0 | D:1      | Reached XP level 1. HP: 12/12 MP: 3/3
     0 | D:1      | 0 ||| qw: Version: 0.3-a-22-g0ed2b0b
     0 | D:1      | 0 ||| qw: Game counter: 5911
     0 | D:1      | 0 ||| qw: Melee chars always use a shield: true
     0 | D:1      | 0 ||| qw: God list: Okawaru
     0 | D:1      | 0 ||| qw: Allow faded altars: false
     0 | D:1      | 0 ||| qw: Do Orc after clearing Dungeon:15 true
     0 | D:1      | 0 ||| qw: Do second Lair branch before Depths: true
     0 | D:1      | 0 ||| qw: Lair rune preference: random
     0 | D:1      | 0 ||| qw: Goals: Normal
     0 | D:1      | 0 ||| PLANNING D:1-11
    94 | D:1      | 94 ||| DROPPING +0 sling of flaming.
   110 | D:1      | Reached skill level 6 in Ranged Weapons
   110 | D:1      | Reached XP level 2. HP: 11/16 MP: 4/4
   524 | D:1      | 524 ||| UPGRADING to +0 ring mail.
   534 | D:1      | 534 ||| DROPPING +0 leather armour.
   535 | D:1      | 535 ||| UPGRADING to +4 ring of protection.
   536 | D:1      | 536 ||| UPGRADING to ring of protection from cold.
   537 | D:1      | 537 ||| READING scroll labelled QICVYP REUX.
   538 | D:1      | 538 ||| READING 2 scrolls labelled CYEWIM VOVOS.
   539 | D:1      | 539 ||| READING scroll labelled OTEROL HIC.
   540 | D:1      | 540 ||| READING scroll labelled LUSHRY TIUHAEN.
   541 | D:1      | 541 ||| READING scroll labelled UFYF ROGOPUY.
   542 | D:1      | 542 ||| DROPPING scroll of butterflies.
   543 | D:1      | 543 ||| DROPPING scroll of amnesia.
   706 | D:2      | Reached XP level 3. HP: 20/20 MP: 5/5
  1053 | D:2      | Reached skill level 7 in Ranged Weapons
  1147 | D:2      | 1147 ||| READING scroll labelled HAITSE FEJIGHU.
  1184 | D:2      | 1184 ||| READING scroll labelled HATUS RIMIBON.
  1185 | D:2      | 1185 ||| READING scroll labelled HESYACKUWN.
  1186 | D:2      | 1186 ||| DRINKING 2 smoky yellow potions.
  1297 | D:3      | 1297 ||| READING scroll of enchant weapon.
  1297 | D:3      | 1297 ||| ENCHANTING +1 shortbow of chaos.
  1364 | D:3      | Reached XP level 4. HP: 25/25 MP: 6/6
  1845 | D:3      | 1845 ||| UPGRADING to +0 pair of gloves.
  1850 | D:3      | 1850 ||| READING scroll labelled VEDGHE IVEF LAC.
  1851 | D:3      | 1851 ||| READING scroll labelled SUCREO LAAZIM.
  1852 | D:3      | 1852 ||| READING scroll labelled GEPEKHL UNAMUA.
  1877 | D:4      | Noticed Menkaure
  1878 | D:4      | 1878 ||| STAIRDANCE
  1883 | D:3      | HP: 6/25 [something (2)]
  1889 | D:3      | Reached skill level 8 in Ranged Weapons
  1960 | D:4      | Killed Menkaure
  1961 | D:4      | Reached skill level 9 in Ranged Weapons
  1961 | D:4      | Reached XP level 5. HP: 29/29 MP: 7/7
  1968 | D:4      | 1968 ||| FLEEEEING.
  1969 | D:4      | 1969 ||| FLEEEEING.
  1970 | D:4      | 1970 ||| STAIRDANCE
  2038 | D:4      | Reached XP level 6. HP: 35/35 MP: 8/8
  2154 | D:4      | Noticed Edmund
  2155 | D:4      | Noticed Grinder
  2156 | D:4      | Paralysed by Grinder for 5 turns
  2168 | D:4      | Killed Edmund
  2169 | D:4      | Reached skill level 10 in Ranged Weapons
  2169 | D:4      | Paralysed by Grinder for 5 turns
  2174 | D:4      | 2174 ||| FLEEEEING.
  2180 | D:4      | 2180 ||| FLEEEEING.
  2181 | D:4      | 2181 ||| FLEEEEING.
  2182 | D:4      | 2182 ||| FLEEEEING.
  2187 | D:4      | 2187 ||| FLEEEEING.
  2190 | D:4      | 2190 ||| FLEEEEING.
  2191 | D:4      | 2191 ||| FLEEEEING.
  2192 | D:4      | 2192 ||| FLEEEEING.
  2193 | D:4      | 2193 ||| FLEEEEING.
  2194 | D:4      | 2194 ||| FLEEEEING.
  2195 | D:4      | 2195 ||| FLEEEEING.
  2196 | D:4      | 2196 ||| FLEEEEING.
  2197 | D:4      | 2197 ||| FLEEEEING.
  2198 | D:4      | 2198 ||| FLEEEEING.
  2199 | D:4      | 2199 ||| FLEEEEING.
  2200 | D:4      | 2200 ||| FLEEEEING.
  2222 | D:4      | Paralysed by Grinder for 2 turns
  2231 | D:4      | Killed Grinder
  2232 | D:4      | Reached XP level 7. HP: 12/40 MP: 9/9
  2376 | D:4      | Reached skill level 1 in Armour
  2823 | D:4      | Noticed Pikel
  2838 | D:4      | HP: 7/40 [Pikel/+2 whip of freezing (5)]
  2838 | D:4      | HP: 1/40 [Pikel/+2 whip of freezing (4)]
  2838 | D:4      | Slain by Pikel

Levels and vault maps discovered:
D:1:      grunt_arrival_crossed_arrows, layout_rooms
D:2:      layout_loops_ring, dk_noncrumbling_2, st_stairs_1, minmay_unequal
D:3:      layout_basic, amethyst_killhole
D:4:      layout_basic, uniq_edmund, uniq_grinder, uniq_menkaure, uniq_pikel

Skill      XL: |  1  2  3  4  5  6  7 |
---------------+----------------------+-----
Ranged Weapons | 6 7 9 10 | 10.9
Fighting       | 2 |  2.0
Dodging        | 4 |  4.9
Armour         | 1 |  1.2
Stealth        | |  1.2

Action                     |  1- 3 |  4- 6 |  7- 9 || total
---------------------------+-------+-------+-------++-------
   Fire: Shortbow          |   125 |    80 |    46 ||   251
    Use: Scroll            |     9 |     3 |       ||    12
         Potion            |     1 |       |       ||     1
 Armour: Leather armour    |     3 |       |       ||     3
         Ring mail         |     5 |    19 |    14 ||    38
  Dodge: Dodged            |    16 |    16 |    26 ||    58

Table legend:
 A = Non-vault XP
 B = Vault XP
 C = Vault XP percentage of total XP
 D = Non-vault monster count
 E = Vault monster count
 F = Vault count percentage of total count
                 A         B        C        D         E       F
            +---------+---------+-------+---------+---------+-------
      Total |     510 |     636 |  55.5 |      69 |      10 |  12.7
            +---------+---------+-------+---------+---------+-------
        D:1 |      33 |       0 |   0.0 |      20 |       0 |   0.0
        D:2 |      22 |      10 |  31.2 |      11 |       7 |  38.9
        D:3 |     100 |       0 |   0.0 |      23 |       0 |   0.0
        D:4 |     355 |     626 |  63.8 |      15 |       3 |  16.7
            +---------+---------+-------+---------+---------+-------
